 Dungeon Crawl Stone Soup version 0.25-a0-322-g3677130cb1 (webtiles) character file.

Game seed: 1439493935882802720, levelgen mode: deterministic

722 Error4North the Chopper (level 7, -9/60 HPs)
             Began as a Hill Orc Fighter on Dec 27, 2019.
             Was an Initiate of Okawaru.
             Mangled by a hornet (10 damage)
             ... while paralysed by a hornet
             ... on level 5 of the Dungeon.
             The game lasted 00:20:26 (4452 turns).

Error4North the Chopper (Hill Orc Fighter)          Turns: 4452, Time: 00:20:27

Health: -9/60      AC: 11    Str: 20    XL:     7   Next: 71%
Magic:  10/10      EV:  2    Int:  9    God:    Okawaru [......]
Gold:   174        SH:  0    Dex: 10    Spells: 11/11 levels left

rFire    + . .     SeeInvis .   a - +0 war axe
rCold    + . .     Gourm    +   c - +0 shield
rNeg     . . .     Faith    .   C - +0 chain mail {rC+}
rPois    .         Spirit   .   (no helmet)
rElec    .         Reflect  .   A - +0 cloak
rCorr    .         Harm     .   (no gloves)
MR       .....                  (no boots)
Stlth    ..........             r - amulet of the gourmand
HPRegen  0.20/turn              p - ring of protection from fire
MPRegen  0.12/turn              q - ring of attention (curse)

@: paralysed, lethally poisoned (-9 -> -14)
A: no striking features
a: Renounce Religion


You were on level 5 of the Dungeon.
You worshipped Okawaru.
Okawaru was noncommittal.
You were full.

You visited 2 branches of the dungeon, and saw 6 of its levels.

You collected 174 gold pieces.

Inventory:

Hand Weapons
 a - a +0 war axe (weapon)
 e - a +0 hunting sling
Missiles
 g - 4 javelins
 i - 107 stones (quivered)
Armour
 c - a +0 shield (worn)
 A - a +0 cloak (worn)
 C - a +0 chain mail of cold resistance (worn)
Jewellery
 p - a ring of protection from fire (left hand)
 q - a cursed ring of attention (right hand)
 r - an amulet of the gourmand (around neck)
Wands
 y - a wand of flame (30)
 z - a wand of iceblast (7)
Scrolls
 h - 2 scrolls of random uselessness {unknown}
 j - 5 scrolls of identify {unknown}
 l - 3 scrolls of teleportation {unknown}
 m - 2 scrolls of amnesia {unknown}
 s - a scroll of remove curse {unknown}
 t - a scroll of fog {unknown}
 w - a scroll of enchant armour {unknown}
 x - a scroll of immolation {unknown}
 B - 3 scrolls of enchant weapon {unknown}
 D - a scroll of blinking {unknown}
Potions
 b - a potion of haste {unknown}
 k - a potion of heal wounds
 n - a potion of lignification
 o - a potion of ambrosia {unknown}
 u - 2 potions of mutation {unknown}
Comestibles
 f - 4 rations
 v - 2 chunks of flesh


   Skills:
 + Level 4.7 Fighting
 + Level 5.5 Axes
 + Level 1.1 Slings
 * Level 4.9 Armour
 + Level 0.9 Dodging
 + Level 0.1 Stealth
 * Level 5.2 Shields
 * Level 2.5 Spellcasting
 * Level 0.8 Invocations
 * Level 0.3 Evocations


You had 11 spell levels left.
You didn't know any spells.
Your spell library was empty.

Dungeon Overview and Level Annotations

Branches:
Dungeon (5/15)             Temple (1/1) D:5

Altars:
Ashenzari
Cheibriados
Dithmenos
Elyvilon
Gozag
Hepliaklqana
Kikubaaqudgha
Nemelex Xobeh
Okawaru
Qazlal
Ru
Sif Muna
Trog
Uskayaw
Wu Jian
Yredelemnul
Zin
The Shining One


Message History

You feel better.
You feel yourself speed up.
The hornet stings you but does no damage.
You block the hornet's attack.
You slash the hornet!
The hornet is severely wounded.
The hornet stings you.
* * * LOW HITPOINT WARNING * * *
You feel yourself slow down.
The hornet stings you but does no damage.
You closely miss the hornet.
The hornet is severely wounded.
You feel yourself speed up. The hornet stings you.
* * * LOW HITPOINT WARNING * * *
You suddenly lose the ability to move!
The hornet stings you.
* * * LOW HITPOINT WARNING * * *
You are lethally poisoned!
You shrug off the repeated paralysis!
The hornet stings you!
You die...

.......# #....(...#
.......# #........#
.......# +........#
.......# #........#
###+#### #.....#### ....
#.....# .... #.....+ ....
#...y.# .... #...@.# .
###### #.....#####..
.....########...........#
........................#
........................#
....^...................#
.............>..........#
..................#######
.....########.....#


You could see a hornet.

Vanquished Creatures
  An ice beast (D:5)
  A centaur (D:5)
  A gnoll sergeant (D:5)
  A scorpion (D:5)
  A howler monkey (D:3)
  3 orc priests (D:4)
  2 hounds (D:5)
  A bullfrog skeleton (D:5)
  Crazy Yiuf (D:4)
  A worker ant (D:3)
  3 gnolls (D:5)
  6 adders
  2 oozes
  An adder skeleton (D:4)
  4 worms
  2 dart slugs (D:1)
  2 leopard geckos
  6 orcs
  9 giant cockroaches
  4 hobgoblins
  3 jackals (D:1)
  A ball python (D:2)
  8 bats
  7 frilled lizards
  6 goblins
  5 kobolds (D:1)
  7 rats
  A fungus (D:4)
90 creatures vanquished.

Notes
Turn   | Place    | Note
-------+----------+-------------------------------------------
     0 | D:1      | Error4North the Hill Orc Fighter began the quest for the
                  | Orb.
     0 | D:1      | Reached XP level 1. HP: 19/19 MP: 1/1
   132 | D:1      | Reached XP level 2. HP: 24/27 MP: 2/2
   445 | D:1      | Reached XP level 3. HP: 33/33 MP: 3/3
  1203 | D:2      | Reached XP level 4. HP: 36/40 MP: 5/5
  1730 | D:3      | Reached XP level 5. HP: 39/46 MP: 6/6
  1819 | D:3      | Found a shimmering blue altar of Sif Muna.
  2212 | D:4      | Reached skill level 1 in Spellcasting
  2252 | D:4      | HP: 1/46 [orc priest/divine providence (11)]
  2288 | D:3      | Reached XP level 6. HP: 19/52 MP: 7/7
  2443 | D:3      | Reached skill level 5 in Axes
  2624 | D:4      | Found a runed translucent door.
  2625 | D:4      | Noticed Crazy Yiuf
  2632 | D:4      | Killed Crazy Yiuf
  3584 | D:5      | Entered Level 5 of the Dungeon
  3609 | D:5      | Reached skill level 5 in Shields
  3685 | D:5      | Noticed an ice beast
  3698 | D:5      | Found a staircase to the Ecumenical Temple.
  3716 | Temple   | Entered the Ecumenical Temple
  3812 | Temple   | Became a worshipper of Warmaster Okawaru
  3896 | D:5      | Reached XP level 7. HP: 13/60 MP: 7/9
  4299 | D:5      | Reached skill level 1 in Slings
  4427 | D:5      | Noticed a hornet
  4443 | D:5      | Paralysed by a hornet for 2 turns
  4448 | D:5      | Paralysed by a hornet for 1 turns
  4452 | D:5      | Paralysed by a hornet for 1 turns
  4452 | D:5      | HP: 1/60 [hornet (6)]
  4452 | D:5      | Mangled by a hornet

Levels and vault maps discovered:
D:1:      matt_arrival_refuge, layout_basic
D:2:      layout_basic
D:3:      layout_rooms, lemuel_blue_sif_altar, kennysheep_generic_room_2
D:4:      layout_rooms, uniq_crazy_yiuf_cottage
D:5:      layout_gridville, minmay_temple_entry_mist, first_ration
Temple:   minmay_temple_bridge_d

Skill      XL: |  1  2  3  4  5  6  7 |
---------------+----------------------+-----
Axes           | 3 4 5 |  5.5
Shields        | 4 5 |  5.2
Fighting       | 4 |  4.7
Spellcasting   | 1 2 |  2.5
Armour         | 4 |  4.9
Slings         | 1 |  1.1
Dodging        | |  0.9
Stealth        | |  0.1
Invocations    | |  0.8
Evocations     | |  0.3

Action                   |  1- 3 |  4- 6 |  7- 9 || total
-------------------------+-------+-------+-------++-------
Melee: War axe           |   107 |   146 |    41 ||   294
 Fire: Hunting sling     |    26 |    51 |    20 ||    97
Throw: Stone             |     3 |       |       ||     3
  Use: Potion            |       |     6 |     2 ||     8
  Eat: Chunk             |     1 |     8 |     3 ||    12
       Ration            |       |     1 |     1 ||     2
Armor: Scale mail        |    73 |    64 |     5 ||   142
       Skin              |       |     2 |     7 ||     9
       Chain mail        |       |       |    20 ||    20
Dodge: Dodged            |    36 |    56 |    18 ||   110
Block: Shield            |    82 |    89 |    32 ||   203

Table legend:
 A = Non-vault XP
 B = Vault XP
 C = Vault XP percentage of total XP
 D = Non-vault monster count
 E = Vault monster count
 F = Vault count percentage of total count
                 A         B        C        D         E       F
            +---------+---------+-------+---------+---------+-------
      Total |     995 |      37 |   3.6 |      88 |       1 |   1.1
            +---------+---------+-------+---------+---------+-------
        D:1 |      55 |       0 |   0.0 |      29 |       0 |   0.0
        D:2 |      74 |       0 |   0.0 |      17 |       0 |   0.0
        D:3 |     125 |       0 |   0.0 |      15 |       0 |   0.0
        D:4 |     150 |      37 |  19.8 |      13 |       1 |   7.1
        D:5 |     591 |       0 |   0.0 |      14 |       0 |   0.0
            +---------+---------+-------+---------+---------+-------
